 Dungeon Crawl Stone Soup version 0.28-a0-1613-gdaab1c2f9b (webtiles) character file.

Game seed: 3662905602327770881

116 murtidash the Gusty (level 5, -1/28 HPs)
             Began as a Tengu Air Elementalist on Jan 21, 2022.
             Was an Initiate of Gozag.
             Killed by nerve-wracking pain
             ... invoked by Grinder
              (2 damage)
             ... on level 3 of the Dungeon.
             The game lasted 00:04:35 (2912 turns).

murtidash the Gusty (Tengu Air Elementalist)        Turns: 2912, Time: 00:04:36

Health: -1/28      AC:  7    Str:  8    XL:     5   Next: 1%
Magic:  7/10       EV: 15    Int: 17    God:    Gozag
Gold:   280        SH:  0    Dex: 15    Spells: 4/9 levels left

rFire   . . .      SeeInvis .   (no weapon)
rCold   . . .      Faith    .   (no shield)
rNeg    . . .      Spirit   .   a - +0 robe
rPois   .          Reflect  .   (helmet restricted)
rElec   .          Harm     .   b - +0 cloak
rCorr   .          Rampage  .   (no gloves)
Will    .....                   (boots unavailable)
Stlth   ++........              (no amulet)
HPRegen 0.09/turn               c - +4 ring of protection
MPRegen 0.12/turn               (no ring)

@: flying quickly and evasively, quick
A: beak, talons 3, nimble flight
a: Renounce Religion, Potion Petition, Call Merchant, Bribe Branch


You were on level 3 of the Dungeon.
You worshipped Gozag.
Gozag was aware of your devotion.
You visited 1 branch of the dungeon, and saw 3 of its levels.

You collected 280 gold pieces.

Inventory:

Armour
 a - a +0 robe (worn)
 b - a +0 cloak (worn)
   (You found it on level 1 of the Dungeon)
Jewellery
 c - a +4 ring of protection (left hand)
   (You found it on level 1 of the Dungeon)
 i - a ring of fire {rF+, rC-}
   (You found it on level 2 of the Dungeon)
Scrolls
 d - a scroll of immolation {unknown}
 f - 2 scrolls of teleportation {unknown}
 g - a scroll of noise {unknown}
 h - a scroll of identify {unknown}
 j - a scroll of holy word {unknown}
Potions
 k - a potion of degeneration {unknown}


   Skills:
 - Level 3.1 Dodging
 - Level 3.0 Stealth
 + Level 2.6 Spellcasting
 + Level 2.9 Conjurations
 + Level 4.8 Air Magic


You had 4 spell levels left.
You knew the following spells:

 Your Spells              Type           Power      Damage    Failure   Level
a - Shock                 Conj/Air       60%        1d6       3%          1
Z - Airstrike             Air            9%         N/A       26%         4

Your spell library contained the following spells:

 Spells                   Type           Power      Damage    Failure   Level
 Static Discharge         Conj/Air       15%        N/A       5%          2
 Swiftness                Air            18%        N/A       8%          3
 Ensorcelled Hibernation  Hex/Ice        4%         N/A       28%         2
 Spider Form              Tmut/Pois      2%         N/A       50%         3
 Anguish                  Hex/Necr       1%         N/A       88%         4


Dungeon Overview and Level Annotations

Branches:
Dungeon (3/15)

Altars:
Gozag

Annotations:
D:3 Grinder


Innate Abilities, Weirdness & Mutations

You have a beak for a mouth.
You have claws for feet.
Your magical nature lets you fly swiftly and evasively.


Message History

An orc comes into view. It is wielding a +0 dagger.
Things that are here:
7 gold pieces; a +3 spear; MP restored: 8
Aim: an orc, wielding a +0 dagger and wearing a +0 leather armour (asleep, 100% to hit)
The zap hits the orc.
You now have 7/8 mp.
Aim: an orc, wielding a +0 dagger and wearing a +0 leather armour (heavily wounded, 71% to hit)
The zap hits the orc.
You now have 6/8 mp.
Aim: an orc, wielding a +0 dagger and wearing a +0 leather armour (severely wounded, 71% to hit)
The zap hits the orc.
You kill the orc!
You now have 5/8 mp.
You can't see any susceptible monsters within range! (Use Z to cast anyway.)
You can't see any susceptible monsters within range! (Use Z to cast anyway.)
You can't see any susceptible monsters within range! (Use Z to cast anyway.)
You now have 254 gold pieces (gained 7).
You see here a +3 spear.
You now have 259 gold pieces (gained 5).
Things that are here:
a +0 dagger; a +0 leather armour MP restored: 8 A giant cockroach comes into view.
Aim: a giant cockroach (asleep, 100% to hit)
The zap hits the giant cockroach.
You now have 7/8 mp.
Aim: a giant cockroach (severely wounded, 71% to hit)
The zap hits the giant cockroach.
You kill the giant cockroach!
You now have 6/8 mp.
You can't see any susceptible monsters within range! (Use Z to cast anyway.)
You can't see any susceptible monsters within range! (Use Z to cast anyway.)
You can't see any susceptible monsters within range! (Use Z to cast anyway.)
You now have 266 gold pieces (gained 7).
k - a bubbling ruby potion MP restored: 8 A quokka comes into view.
A quokka is nearby!
The zap hits the quokka. x2
You kill the quokka!
You have reached level 5!
Your magical nature develops, letting you fly swiftly and evasively.
Health restored: 28 You now have 7/10 mp.
This spell is potentially lethal to cast!
Memorise Airstrike, consuming 4 spell levels and leaving 4?
You start memorising the spell.
You continue memorising. x4
You finish memorising.
Spell assigned to 'Z'.
You now have 271 gold pieces (gained 5).
A giant cockroach comes into view.
MP restored: 10
Aim: a giant cockroach (asleep, 100% to hit)
The zap hits the giant cockroach.
You now have 9/10 mp.
Aim: a giant cockroach (heavily wounded, 71% to hit)
The zap hits the giant cockroach.
The giant cockroach bites you but does no damage.
You now have 8/10 mp.
Aim: a giant cockroach (severely wounded, 71% to hit)
The zap hits the giant cockroach.
You kill the giant cockroach!
You now have 7/10 mp.
You can't see any susceptible monsters within range! (Use Z to cast anyway.)
You can't see any susceptible monsters within range! (Use Z to cast anyway.)
You now have 280 gold pieces (gained 9).
Found a stone staircase leading down.
MP restored: 10 Grinder comes into view.
Grinder shouts!
Okay, then.
Unknown command.
Grinder gestures at you. You resist with significant effort.
You start waiting.
Grinder is nearby!
The zap hits Grinder. x2
You now have 9/10 mp.
The zap hits Grinder. x2; Grinder barely misses you.
You now have 8/10 mp.
The zap hits Grinder.
The zap hits Grinder but does no damage.
Grinder gestures at you.
You suddenly lose the ability to move!
Grinder completely misses you. Grinder gestures at you.
Pain shoots through your body! Grinder hits you!
You writhe in agony.
* * * LOW HITPOINT WARNING * * *
Grinder hits you.
* * * LOW HITPOINT WARNING * * *
You writhe in agony.
* * * LOW HITPOINT WARNING * * *
You can move again.
You take 27 damage, and have 1/28 hp.
MASSIVE DAMAGE!!
You now have 7/10 mp.
It was a potion of flight.
You feel more buoyant. Grinder gestures at you. Pain shoots through your body!
You die...
Your body crumbles into a pile of gold.

. ....##########
.....5.......#
....########.# .
#.##########
#..5@...>...
###.###.###.
#.###.# #.....#
#.##### #.#
#.#####.#######.#
#............##.#
..#####.####.##.#
#.# #.##.#


You could see Grinder.

Vanquished Creatures
  Robin (D:2)
  3 gnolls
  An adder (D:3)
  A worm (D:2)
  A dart slug (D:1)
  An orc (D:3)
  6 endoplasms
  4 giant cockroaches
  12 goblins
  5 hobgoblins (D:1)
  3 quokkas
  3 ball pythons
  6 bats
  A frilled lizard (D:1)
  3 kobolds
  9 rats
60 creatures vanquished.

Notes
Turn   | Place    | Note
-------+----------+-------------------------------------------
     0 | D:1      | murtidash the Tengu Air Elementalist began the quest for
                  | the Orb.
     0 | D:1      | Reached XP level 1. HP: 10/10 MP: 4/4
   175 | D:1      | Reached XP level 2. HP: 15/15 MP: 0/6
   573 | D:1      | Reached skill level 2 in Conjurations
   637 | D:1      | Noticed an eye of devastation
   640 | D:1      | Found a faded altar of an unknown god.
   642 | D:1      | Noticed a golden eye
   642 | D:1      | Noticed a shining eye
   642 | D:1      | Noticed a great orb of eyes
   649 | D:1      | Prayed at the altar of an unknown god.
   649 | D:1      | Became a worshipper of Gozag Ym Sagoz the Greedy
   705 | D:1      | Reached XP level 3. HP: 19/19 MP: 3/7
  1434 | D:2      | Noticed Robin
  1479 | D:2      | Killed Robin
  1480 | D:2      | Reached XP level 4. HP: 24/24 MP: 1/8
  2258 | D:3      | Reached skill level 3 in Dodging
  2693 | D:3      | Reached skill level 3 in Stealth
  2820 | D:3      | Gained mutation: Your magical nature lets you fly swiftly
                  | and evasively. [Tengu growth]
  2820 | D:3      | Reached XP level 5. HP: 28/28 MP: 7/10
  2825 | D:3      | Learned a level 4 spell: Airstrike
  2890 | D:3      | Noticed Grinder
  2907 | D:3      | Paralysed by Grinder for 5 turns
  2911 | D:3      | HP: 2/28 [Grinder (5)]
  2912 | D:3      | Killed from afar by Grinder

Illustrated notes

Levels and vault maps discovered:
D:1:      lemuel_arrival_broad_hall, layout_rooms,
          hellmonk_ecumenical_altar_watching_god
D:2:      layout_loops_ring, serial_co_window_serial,
          co_window_of_opportunity_a, co_window_paths_b, co_window_corner_a,
          co_window_paths_a, co_window_paths_b, co_window_corner_ca,
          co_window_broadway_a, co_window_corner_b, glass_columns_c,
          glass_columns_b, glass_columns_b, glass_columns_b, uniq_robin
D:3:      layout_loops_ring, uniq_grinder

Skill      XL: |  1  2  3  4 |
---------------+-------------+-----
Conjurations   | 2 |  2.9
Dodging        | 3 |  3.1
Stealth        | 3 |  3.0
Spellcasting   | |  2.6
Air Magic      | |  4.8

Action                   |  1- 3 |  4- 6 || total
-------------------------+-------+-------++-------
Melee: Unarmed           |     3 |       ||     3
       Kick              |     2 |       ||     2
 Cast: Shock             |    83 |    55 ||   138
  Use: Potion            |       |     1 ||     1
Armor: Robe              |     6 |     8 ||    14
Dodge: Dodged            |     2 |    18 ||    20

Table legend: (Time is in decaauts)
 A = Elapsed time spent in this place.
 B = Non-inter-level travel time spent in this place.
 C = Inter-level travel time spent in this place.
 D = Time resting spent in this place.
 E = Time spent auto-exploring this place.
 F = Levels seen in this place.
 G = Mean time per level.
                   A        B        C        D        E       F      G
               +--------+--------+--------+--------+--------+-----+--------+
         Total |   2911 |   2809 |    102 |     93 |   2289 |   3 |  970.3 |
       Dungeon |   2911 |   2809 |    102 |     93 |   2289 |   3 |  970.3 |
               +--------+--------+--------+--------+--------+-----+--------+

Top non-repeatable levels by time:
     D:2: 1532 daAuts
     D:1: 1001 daAuts
     D:3: 377 daAuts

Table legend:
 A = Kills in this place as a percentage of kills in entire the game.
 B = Kills by you in this place as a percentage of kills by you in the entire game.
 C = Kills by friends in this place as a percentage of kills by friends in the entire game.
 D = Other kills in this place as a percentage of other kills in the entire game.
 E = Experience gained in this place as a percentage of experience gained in the entire game.
 F = Experience gained in this place divided by the number of levels of this place that you have seen.
                   A       B       C       D       E      F
               +-------+-------+-------+-------+-------+----------------------
         Total | 100.0 | 100.0 |   N/A |   N/A | 100.0 |  55.7
       Dungeon | 100.0 | 100.0 |   N/A |   N/A | 100.0 |  55.7
               +-------+-------+-------+-------+-------+----------------------
